 Dungeon Crawl Stone Soup version 0.32-a0-818-gb728d0252e (webtiles) character file.

Game seed: 13550662880188783368

77 Morbidden the Ruffian (level 4, -3/36 HPs)
             Began as a Draconian Shapeshifter on Mar 24, 2024.
             Slain by an orc
             ... wielding a +0 trident
              (4 damage)
             ... on level 4 of the Dungeon.
             The game lasted 00:01:49 (1628 turns).

Morbidden the Ruffian (Draconian Shapeshifter)      Turns: 1628, Time: 00:01:50

Health: -3/36      AC:  5    Str: 17    XL:     4   Next: 13%
Magic:  5/5        EV:  7    Int: 12    God:
Gold:   77         SH:  9    Dex: 10    Spells: 5/5 levels left

rFire   . .          .
                       - Unarmed
rCold   . . .        a - +0 tower shield
rNeg    . . .        (body armour unavailable)
rPois   .            (helmet currently unavailable)
rElec   .            (cloak currently unavailable)
rCorr   .            (gloves currently unavailable)
SInv    .            (boots currently unavailable)
Will    .....        (no amulet)
Stlth   +            (no ring)
HPRegen 0.26/turn    (no ring)
MPRegen 0.09/turn

%: no passive effects
@: beast-form
A: beast (slay +2), AC +5, unfitting armour, cold-blooded
a: Begin Untransformation, Convert to Beogh


You were on level 4 of the Dungeon.
You were a hulking beast.
You visited 1 branch of the dungeon, and saw 4 of its levels.

You collected 77 gold pieces.

Inventory:

Hand Weapons
 h - a +0 mace
Armour
 a - a +0 tower shield (worn)
Talismans
 b - a beast talisman (active)
 c - a flux talisman
Scrolls
 d - 2 scrolls of identify
 g - a scroll of immolation
Potions
 e - a potion of magic
 f - a potion of curing


   Skills:
 * Level 1.9 Fighting
 * Level 2.0 Dodging
 + Level 0.1 Stealth
 + Level 0.1 Shields
 * Level 3.8 Unarmed Combat
 * Level 1.0 Spellcasting
 * Level 3.5 Shapeshifting


You had 5 spell levels left.
You didn't know any spells.
Your spell library contained the following spells:

 Spells                   Type           Power      Damage    Failure   Level
 Inner Flame              Hex/Fire       0%         N/A       100%        3
 Flame Wave               Conj/Fire      0%         2d4       100%        4
 Sticky Flame             Fire/Alch      0%         2d4       100%        4


Dungeon Overview and Level Annotations

Branches:
Dungeon (4/15)
 Temple: D:4-7

Altars:
Trog


Innate Abilities, Weirdness & Mutations

You are a hulking beast.
Your limbs bulge with bestial killing power. (Slay +2)
Your plain brown scales are hard. (AC +5)
You cannot fit into any form of body armour.
You are cold-blooded and may be slowed by cold attacks.


Message History

Unknown command.
Found 4 stones.
The quokka attacks as it pursues you! You block the quokka's attack.
Found a ruby potion.
Found a pair of gloves.
The quokka bites you.
* * * LOW HITPOINT WARNING * * *
You feel better. You block the quokka's attack.
The orc hits you but does no damage.
An adder comes into view.
The adder hisses angrily.
The orc priest looks satisfied for a moment.
Unknown command.
The quokka attacks as it pursues you! You block the quokka's attack.
The orc attacks as it pursues you! The orc barely misses you.
The quokka completely misses you. The quokka attacks as it pursues you!
You block the quokka's attack. The adder bites you but does no damage.
The quokka attacks as it pursues you! The quokka closely misses you.
The adder attacks as it pursues you! The adder barely misses you.
The adder attacks as it pursues you! The adder barely misses you.
The orc priest calls down the wrath of Beogh upon you.
Beogh smites you!
* * * LOW HITPOINT WARNING * * *
The quokka attacks as it pursues you! You block the quokka's attack.
The quokka attacks as it pursues you!
The quokka bites you but does no damage.
You block the adder's attack. You block the quokka's attack.
The quokka attacks as it pursues you! The quokka bites you.
* * * LOW HITPOINT WARNING * * *
You open the door.
The quokka bites you but does no damage.
The orc barely misses you. The orc attacks as it pursues you!
You block the orc's attack. The quokka attacks as it pursues you!
The quokka bites you.
* * * LOW HITPOINT WARNING * * *
Unknown command.
You block the quokka's attack.
The orc hits you from afar with a +0 trident.
You die...

..# ##. ...##.... #..# ....
........##...# ...#
............# ##..##
#..........# #....##
##..........##
###.....####............#
##........##.............#.
..............).h..# #....
..............'##r.## ...#
..............#~~#oS##..#
.####........##~~##.#...###
.# ###.....r#~~~~#o#..#...
## ##....o#~~~~#........ .
####.oo.##~r##........ .
.......B.#~~#.........
........##++##..[.....


You could see an orc priest, an adder, an orc and a quokka.

Vanquished Creatures
  Terence (D:2)
  An adder (D:3)
  2 ribbon worms (D:2)
  2 orcs (D:4)
  3 endoplasms
  A giant cockroach (D:2)
  2 hobgoblins
  6 jackals (D:2)
  3 kobolds
  3 quokkas (D:2)
  5 ball pythons
  2 frilled lizards
  4 goblins
  A rat (D:1)
36 creatures vanquished.

Notes
Turn   | Place    | Note
-------+----------+-------------------------------------------
     0 | D:1      | Morbidden the Draconian Shapeshifter began the quest for
                  | the Orb.
     0 | D:1      | Reached XP level 1. HP: 16/16 MP: 1/1
   306 | D:1      | You fall into a shaft and drop 1 floor!
   311 | D:2      | Reached XP level 2. HP: 23/23 MP: 2/2
   322 | D:2      | Noticed Terence
   340 | D:2      | Killed Terence
   341 | D:2      | Reached XP level 3. HP: 7/28 MP: 3/3
   633 | D:2      | Found a bloodstained altar of Trog.
  1054 | D:2      | Identified the +2 whip of Imbalance {pain, rElec rC+ rCorr
                  | Str+2}
  1255 | D:2      | Found a faded altar of an unknown god.
  1465 | D:3      | Reached skill level 1 in Spellcasting
  1465 | D:3      | Reached XP level 4. HP: 36/36 MP: 3/5
  1627 | D:4      | HP: 1/36 [quokka (3)]
  1628 | D:4      | Slain by an orc

Illustrated notes

Levels and vault maps discovered:
D:1:      dpeg_arrival_erosion, layout_basic
D:2:      layout_loops_ring, hellmonk_ecumenical_altar_inner_sanctum,
          basic_altar, uniq_terence
D:3:      layout_basic, grunt_ministairs_13, minmay_quantized
D:4:      layout_layer_cave, mainiacjoe_overflow_alcove_3, gup_sewer_entry_bowl,
          hangedman_decor_diamond_cutter, minmay_increasing_density

Skill      XL: |  1  2  3 |
---------------+----------+-----
Dodging        | 2 |  2.0
Spellcasting   | 1 |  1.0
Fighting       | |  1.9
Stealth        | |  0.1
Shields        | |  0.1
Unarmed Combat | |  3.8
Shapeshifting  | |  3.5

Action                     |  1- 3 |  4- 6 || total
---------------------------+-------+-------++-------
  Melee: Unarmed           |   100 |    16 ||   116
         Tailslap          |    11 |     1 ||    12
    Use: Potion            |     1 |     1 ||     2
         Scroll            |       |     3 ||     3
 Armour: Skin              |    55 |    28 ||    83
  Dodge: Dodged            |    36 |    13 ||    49
  Block: Tower shield      |    24 |    31 ||    55

Table legend: (Time is in decaauts)
 A = Elapsed time spent in this place.
 B = Non-inter-level travel time spent in this place.
 C = Inter-level travel time spent in this place.
 D = Time resting spent in this place.
 E = Time spent auto-exploring this place.
 F = Levels seen in this place.
 G = Mean time per level.
                   A        B        C        D        E       F      G
               +--------+--------+--------+--------+--------+-----+--------+
         Total |   1652 |   1629 |     23 |     98 |   1136 |   4 |  413.0 |
       Dungeon |   1652 |   1629 |     23 |     98 |   1136 |   4 |  413.0 |
               +--------+--------+--------+--------+--------+-----+--------+

Top non-repeatable levels by time:
     D:2: 1062 daAuts
     D:1: 306 daAuts
     D:4: 147 daAuts
     D:3: 136 daAuts
